 Dungeon Crawl Stone Soup version 0.27-a0-1189-gb8eb6cee8e (webtiles) character file.

Game seed: 17158430155513201461

36 Zonian the Charlatan (level 3, 0/27 HPs)
             Began as a Palentonga Artificer on May 22, 2021.
             Slain by a kobold
             ... wielding a +0 club
              (4 damage)
             ... on level 1 of the Dungeon.
             The game lasted 00:02:29 (1418 turns).

Zonian the Charlatan (Palentonga Artificer)         Turns: 1418, Time: 00:02:30

Health: 0/27       AC:  5    Str: 15    XL:     3   Next: 19%
Magic:  3/3        EV:  9    Int: 11    God:
Gold:   17         SH:  0    Dex: 11    Spells: 2/2 levels left

rFire    . . .     SeeInvis +   a - +0 club
rCold    . . .     Faith    .   (no shield)
rNeg     . . .     Spirit   .   b - +1 leather armour
rPois    .         Reflect  .   (no helmet)
rElec    .         Harm     .   (no cloak)
rCorr    .         Rampage  .   (no gloves)
Will     .....                  (no barding)
Stlth    +.........             (no amulet)
HPRegen  0.09/turn              (no ring)
MPRegen  0.08/turn              (no ring)

@: no status effects
A: large, rugged brown scales 3, see invisible, deformed body, roll 1, armoured
tail
a: Rolling Charge


You were on level 1 of the Dungeon.
You visited 1 branch of the dungeon, and saw 1 of its levels.

You collected 17 gold pieces.

Inventory:

Hand Weapons
 a - a +0 club (weapon)
Armour
 b - a +1 leather armour (worn)
 f - a +0 leather armour
Wands
 c - a wand of flame (11) (quivered)
 d - a wand of charming (15)
Miscellaneous
 e - a piece from Xom's chessboard (15/15)


   Skills:
 + Level 1.2 Fighting
 + Level 0.8 Maces & Flails
 + Level 2.0 Armour
 + Level 1.0 Dodging
 + Level 0.5 Stealth
 + Level 3.3 Evocations


You had 2 spell levels left.
You didn't know any spells.
Your spell library was empty.

Dungeon Overview and Level Annotations

Branches:
Dungeon (1/15)

Altars:


Innate Abilities, Weirdness & Mutations

You are completely covered in rugged brown scales. (AC +3, +7% HP)
You have supernaturally acute eyesight. (SInv)
Armour fits poorly on your strangely shaped body.
You can roll at nearby foes to attack.
You have a long armoured tail.


Message History

Unknown command.
You barely miss the frilled lizard. The bat completely misses you.
A ball python comes into view.
The frilled lizard barely misses you.
Unknown command.
You closely miss the frilled lizard. The bat closely misses you.
The frilled lizard barely misses you.
The ball python hisses angrily.
Unknown command.
You hit the frilled lizard.
You kill the frilled lizard!
The bat hits you but does no damage. x2; The kobold throws a stone.
The stone completely misses you. The bat hits you but does no damage.
The ball python bites you but does no damage.
Unknown command.
You hit the dart slug. You tail-slap the dart slug.
The dart slug is severely wounded.
The bat misses you. The ball python completely misses you.
The ball python bites you.
* * * LOW HITPOINT WARNING * * *
The dart slug bites you but does no damage.
Unknown command.
You hit the dart slug.
You kill the dart slug!
The bat completely misses you. The bat closely misses you.
The ball python bites you but does no damage.
The kobold throws a stone.
The stone closely misses you.
The stone closely misses the bat.
The bat hits you but does no damage.
Unknown command.
Roll where?
Press: ? - help, Dir - move target, f - kobold
Aim: a kobold, wielding a +0 club and quivering stones You roll forward with a clatter of scales!
You barely miss the kobold. The bat closely misses you.
The kobold hits you but does no damage.
Unknown command.
You closely miss the kobold. The kobold closely misses you.
The ball python bites you but does no damage.
The kobold hits you with a +0 club.
You die...

#..# #......# ##. #w##
#......# ## ##..
#†.###......#
#..#...#..b#........####
#...#.....##...........#
#...##...##............#
#...##.##.............#
#..##...............#
#bS@K###............
###### #...........# #
#### #####.......# # ..
..### ####÷#### #.#.
....# ##.## ##.#.##.#.#
#...# ...[..#.#.# #>..#
# #....#.# #...#
####.#......# #...#


You could see a bat, a ball python and a kobold.

Vanquished Creatures
  A dart slug (D:1)
  A ball python (D:1)
  A bat (D:1)
  6 endoplasms (D:1)
  2 goblins (D:1)
  8 hobgoblins (D:1)
  3 jackals (D:1)
  A quokka (D:1)
  A frilled lizard (D:1)
  A kobold (D:1)
  2 rats (D:1)
27 creatures vanquished.

Notes
Turn   | Place    | Note
-------+----------+-------------------------------------------
     0 | D:1      | Zonian the Palentonga Artificer began the quest for the
                  | Orb.
     0 | D:1      | Reached XP level 1. HP: 16/16 MP: 1/1
    45 | D:1      | Found a faded altar of an unknown god.
    69 | D:1      | Reached skill level 3 in Evocations
   508 | D:1      | Reached XP level 2. HP: 22/22 MP: 2/2
  1391 | D:1      | Reached XP level 3. HP: 16/27 MP: 3/3
  1411 | D:1      | Reached skill level 1 in Dodging
  1418 | D:1      | Slain by a kobold

Illustrated notes

Levels and vault maps discovered:
D:1:      dpeg_arrival_rhombus, layout_loops_cross,
          chequers_ecumenical_altar_simple_redux, minmay_heptomino_w4

Skill      XL: |  1  2  3 |
---------------+----------+-----
Evocations     | 3 |  3.3
Armour         | 2 |  2.0
Dodging        | 1 |  1.0
Fighting       | |  1.2
Maces & Flails | |  0.8
Stealth        | |  0.5

Action                   || total
-------------------------++-------
Melee: Club              ||   102
       Tailslap          ||    10
 Abil: Rolling Charge    ||     4
Evoke: Wand              ||     4
  Use: Scroll            ||     3
Armor: Leather armour    ||    78
Dodge: Dodged            ||    87

Table legend: (Time is in decaauts)
 A = Elapsed time spent in this place.
 B = Non-inter-level travel time spent in this place.
 C = Inter-level travel time spent in this place.
 D = Time resting spent in this place.
 E = Time spent auto-exploring this place.
 F = Levels seen in this place.
 G = Mean time per level.
                   A        B        C        D        E       F      G
               +--------+--------+--------+--------+--------+-----+--------+
         Total |   1447 |   1447 |      0 |    674 |    541 |   1 | 1447.0 |
       Dungeon |   1447 |   1447 |      0 |    674 |    541 |   1 | 1447.0 |
               +--------+--------+--------+--------+--------+-----+--------+

Top non-repeatable levels by time:
     D:1: 1447 daAuts
